 Dungeon Crawl Stone Soup version 0.28.0-43-g3370ac3207 (webtiles) character file.

Game seed: 1315357080563928991

57192 Revguard the Fighter (level 14, -1/124 HPs)
             Began as a Demonspawn Transmuter on Mar 28, 2022.
             Was a Believer of Uskayaw.
             Slain by an eight-headed hydra (3 damage)
             ... on level 15 of the Dungeon.
             The game lasted 01:24:36 (25983 turns).

Revguard the Fighter (Demonspawn Transmuter)       Turns: 25983, Time: 01:24:37

Health: -1/124     AC: 14    Str: 12    XL:     14   Next: 44%
Magic:  17/26      EV: 14    Int: 25    God:    Uskayaw [**....]
Gold:   1231       SH:  0    Dex: 16    Spells: 3/30 levels left

rFire   + + .      SeeInvis .     - Unarmed
rCold   + . .      Faith    .   (no shield)
rNeg    . . .      Spirit   .   g - +4 ring mail of Virtue {rF+ rC+ Int+3}
rPois   .          Reflect  .   (helmet currently unavailable)
rElec   .          Harm     .   B - scarf {repulsion}
rCorr   .          Rampage  .   (no gloves)
Will    +....                   (boots currently unavailable)
Stlth   +.........              H - amulet of regeneration
HPRegen 1.10/turn               x - +4 ring of slaying
MPRegen 0.20/turn               t - +6 ring of intelligence

@: appendages, wereblooded, on berserk cooldown, slowed, studying Fighting,
repel missiles, very slow
A: horns 2, talons 2, claws 2, molten scales 3, demonic guardian 1, demonic
magic 1, robust 1
a: End Transformation, Renounce Religion, Stomp, Line Pass


You were on level 15 of the Dungeon.
You worshipped Uskayaw.
Uskayaw was aware of your devotion.
You had temporarily grown beastly horns and talons.
You visited 2 branches of the dungeon, and saw 16 of its levels.
You also visited: Bailey.

You collected 1231 gold pieces.

Inventory:

Armour
 c - a +2 hat (melded)
 g - the +4 ring mail of Virtue (worn) {rF+ rC+ Int+3}
   (You found it on level 3 of the Dungeon)

   Int:       It affects your intelligence (+3).
   rF:        It protects you from fire.
   rC:        It protects you from cold.
 B - a scarf of repulsion (worn)
Jewellery
 f - a ring of poison resistance
 i - an amulet of reflection
 t - a +6 ring of intelligence (right claw)
 x - a +4 ring of slaying (left claw)
 y - a ring of ice
 G - a +4 ring of evasion
 H - an amulet of regeneration (around neck)
 I - a +6 ring of intelligence
Wands
 b - a wand of polymorph (6)
 p - a wand of paralysis (21)
 r - a wand of iceblast (4)
 s - a wand of flame (23)
Scrolls
 j - 4 scrolls of enchant armour
 k - 3 scrolls of enchant weapon
 m - 6 scrolls of identify
 q - a scroll of vulnerability
 C - a scroll of brand weapon {unknown}
 D - a scroll of fog
 E - 2 scrolls of holy word
 F - a scroll of magic mapping
Potions
 a - a potion of resistance
 d - 2 potions of magic
 e - 3 potions of brilliance
 h - 4 potions of curing
 l - a potion of lignification
 n - a potion of mutation
 o - 2 potions of might
 u - 2 potions of flight
 v - a potion of haste
 z - a potion of cancellation
 A - 2 potions of ambrosia


   Skills:
 + Level 11.2 Fighting
 + Level 8.2 Armour
 + Level 8.5 Dodging
 - Level 0.4 Stealth
 + Level 8.7 Unarmed Combat
 + Level 8.9 Spellcasting
 + Level 3.9 Hexes
 + Level 8.4 Transmutations
 + Level 7.7 Ice Magic
 + Level 6.7 Air Magic
 + Level 9.0 Invocations


You had 3 spell levels left.
You knew the following spells:

 Your Spells              Type           Power      Damage    Failure   Level
a - Beastly Appendage     Tmut           100%       N/A       1%          1
b - Wereblood             Tmut           52%        N/A       1%          2
c - Ice Form              Ice/Tmut       51%        N/A       3%          4
d - Storm Form            Tmut/Air       24%        N/A       99%         7
e - Poisonous Vapours     Pois/Air       56%        N/A       4%          2
f - Passage of Golubria   Tloc           11%        N/A       73%         4
g - Yara's Violent Unrav  Hex/Tmut       21%        3d10      24%         5
h - Passwall              Tmut/Erth      26%        N/A       3%          2

Your spell library contained the following spells:

 Spells                   Type           Power      Damage    Failure   Level
 Ensorcelled Hibernation  Hex/Ice        80%        N/A       1%          2
 Corpse Rot               Necr/Air       56%        N/A       4%          2
 Spider Form              Tmut/Pois      32%        N/A       6%          3
 Tukima's Dance           Hex            30%        N/A       7%          3
 Animate Skeleton         Necr           22%        N/A       11%         1
 Magic Dart               Conj           44%        1d5       11%         1
 Pain                     Necr           44%        1d6       11%         1
 Sandblast                Erth           22%        2d7       11%         1
 Mephitic Cloud           Conj/Pois/Air  22%        N/A       13%         3
 Portal Projectile        Hex/Tloc       40%        N/A       14%         3
 Blink                    Tloc           22%        N/A       17%         2
 Call Imp                 Summ           11%        N/A       17%         2
 Searing Ray              Conj           22%        2d5       17%         2
 Call Canine Familiar     Summ           11%        N/A       32%         3
 Stone Arrow              Conj/Erth      22%        3d8       32%         3
 Vampiric Draining        Necr           11%        2d6       32%         3
 Airstrike                Air            22%        N/A       7%          4
 Summon Ice Beast         Ice/Summ       30%        N/A       22%         4
 Summon Lightning Spire   Summ/Air       28%        N/A       26%         4
 Anguish                  Hex/Necr       10%        N/A       43%         4
 Fulminant Prism          Conj/Hex       10%        3d9       43%         4
 Leda's Liquefaction      Hex/Erth       10%        N/A       43%         4
 Lightning Bolt           Conj/Air       14%        1d27      58%         5
 Summon Mana Viper        Hex/Summ       20%        N/A       80%         5
 Manifold Assault         Tloc           11%        N/A       97%         5
 Monstrous Menagerie      Summ           5%         N/A       100%        7


Dungeon Overview and Level Annotations

Branches:
Dungeon (15/15)            Temple (1/1) D:7            Lair (0/6) D:11
    Orc (0/2) D:10         Vaults (0/5) D:13         Depths (0/4) D:15
 Bailey (visited)

Altars:
Ashenzari
Cheibriados
Dithmenos
Elyvilon
Fedhas
Gozag
Hepliaklqana
Kikubaaqudgha
Makhleb
Nemelex Xobeh
Okawaru
Qazlal
Ru
Sif Muna
Trog
Uskayaw
Vehumet
Wu Jian
Xom
Yredelemnul
Zin
The Shining One

Shops:
D:5 (   D:12 *


Innate Abilities, Weirdness & Mutations

You have temporarily grown beastly horns and talons.
You have very sharp fingernails.
You are completely covered in molten scales. (AC +4, rF+)
A weak demonic guardian rushes to your aid.
Spells you cast may paralyse adjacent enemies.
You are robust. (+10% HP)


Message History

The eight-headed hydra bites you!
* * * LOW HITPOINT WARNING * * *
The eight-headed hydra bites you.
* * * LOW HITPOINT WARNING * * *
The eight-headed hydra bites you.
* * * LOW HITPOINT WARNING * * *
The eight-headed hydra bites you but does no damage.
The eight-headed hydra barely misses you.
The centaur closely misses you. x2; The centaur wields a +0 shortbow.
The centaur shoots an arrow.
The arrow hits you.
* * * LOW HITPOINT WARNING * * *
Your rust devil hits the eight-headed hydra!
The eight-headed hydra seems to be corroded for longer.
You feel a strong urge to attack something.
The centaur wields a +0 shortbow.
The centaur shoots an arrow.
The arrow completely misses you.
The centaur shoots an arrow.
The arrow closely misses you.
The centaur shoots an arrow.
The arrow misses you.
The centaur shoots an arrow.
The arrow closely misses you.
You feel your anger nearly subside.
Your rust devil barely misses the centaur.
You are no longer berserk.
You are exhausted.
You feel yourself slow down. Why would you want to do that?
The centaur shoots an arrow.
The arrow misses you.
The centaur shoots an arrow.
The arrow closely misses you.
Aiming: Iceblast
Press: ? - help, Shift-Dir - straight line, f - eight-headed hydra
Aim: an eight-headed hydra (heavily wounded, covered in acid)
Okay, then.
The centaur shoots an arrow.
The arrow closely misses you.
The eight-headed hydra bites you but does no damage.
The eight-headed hydra bites you.
* * * LOW HITPOINT WARNING * * *
A demonic guardian appears!
The eight-headed hydra bites you!
* * * LOW HITPOINT WARNING * * *
The eight-headed hydra bites you but does no damage.
The eight-headed hydra bites you.
You die...

†###..#.....#..+........#..#.....
...#..#.....#..#........#..#.....
...#..#.....#..#.......##'##.....
...#..#.....#..#...##+##.........
...#..#.....####...#........#####
<..#..#.....#..#######......#
...#..#.....#..## ####......#
...#..#.....###.###>##......#
...#.^#........#@..###......#
...#..#......≈.#.D.# #......#
...####........#.4.##########
............###c###.#
###............#...#..#
..........≈.#.≈D#..#
............#..c####
.........##'#.c....#
.......)4).##


You could see an eight-headed hydra (corroded, ally target), a centaur and a
friendly rust devil (summoned).

Vanquished Creatures
  Frances (D:13)
  Gastronok (D:8)
  Kirke (D:12)
  Azrael (D:14)
  Fannar (D:12)
  A vault guard (D:13)
  2 hydras
  4 boulder beetles
  2 two-headed ogres
  7 centaur warriors
  3 death yaks
  2 tengu warriors (D:13)
  Urug (D:13)
  3 skeletal warriors
  Pikel (D:4)
  A wizard (D:15)
  8 ugly things
  4 deep elf pyromancers
  8 manticores
  A salamander (D:15)
  2 cyclopes
  Joseph (D:7)
  2 gargoyles
  4 tengu conjurers
  A komodo dragon (D:11)
  3 meliai (D:14)
  3 trolls
  Grinder (D:6)
  23 slime creatures
  2 shadows (D:11)
  A water elemental (D:11)
  2 basilisks
  6 yaks (D:11)
  A vampire (D:13)
  A hog (D:11)
  4 fire elementals (D:14)
  A steam dragon (D:6)
  2 vampire mosquitoes (D:12)
  Menkaure (D:5)
  2 wargs (D:10)
  An acid dragon (D:10)
  Edmund (D:5)
  3 water moccasins (D:8)
  3 hell hounds (D:14)
  Duvessa (D:4)
  A sky beast (D:8)
  An ice beast (D:6)
  14 orc warriors
  An ogre (D:4)
  20 centaurs
  A lemure (D:4)
  5 kobold brigands
  2 phantoms
  A bullfrog (D:8)
  2 scorpions (D:5)
  2 gnoll sergeants
  3 jellies (D:4)
  Dowan (D:4)
  A water moccasin skeleton (D:5)
  20 wights
  8 howler monkeys
  4 centaur zombies
  5 hounds
  2 orc priests
  A gnoll shaman (D:4)
  Jessica (D:3)
  A hell rat (D:11)
  Ijyb (D:5)
  2 iguanas
  Natasha (thrice) (D:3)
  11 orc wizards
  A hound skeleton (D:4)
  11 gnolls
  A howler monkey zombie (D:6)
  3 adders
  A river rat (D:11)
  A white imp (D:8)
  An ufetubus (D:5)
  An adder skeleton (D:4)
  A worm (D:2)
  A dart slug (D:3)
  44 orcs
  4 endoplasms
  A giant cockroach (D:1)
  6 goblins
  7 hobgoblins
  7 jackals
  20 kobolds
  6 quokkas
  10 ball pythons
  4 frilled lizards (D:3)
  4 rats
374 creatures vanquished.

Vanquished Creatures (collateral kills)
  A boulder beetle (D:14)
  A centaur warrior (D:14)
  A two-headed ogre (D:10)
  A deep elf pyromancer (D:14)
  An ugly thing (D:14)
  A manticore (D:14)
  A centaur zombie (D:5)
  A troll (D:5)
  A slime creature (D:13)
  Sigmund (D:3)
  An acid dragon (D:14)
  A centaur (D:7)
  A howler monkey (D:10)
  An iguana (D:4)
  An orc wizard (D:6)
  A gnoll (D:4)
  5 orcs
  An endoplasm (D:2)
  A goblin (D:4)
  2 kobolds
25 creatures vanquished.

Vanquished Creatures (others)
  3 humans (D:12)
  2 centaurs (D:14)
5 creatures vanquished.

Grand Total: 404 creatures vanquished

Notes
Turn   | Place    | Note
-------+----------+-------------------------------------------
     0 | D:1      | Revguard the Demonspawn Transmuter began the quest for the
                  | Orb.
     0 | D:1      | Reached XP level 1. HP: 15/15 MP: 3/3
   589 | D:1      | Found a faded altar of an unknown god.
   604 | D:1      | Gained mutation: A weak demonic guardian rushes to your
                  | aid. [demonic ancestry]
   604 | D:1      | Reached XP level 2. HP: 16/21 MP: 0/5
  1007 | D:1      | Learned a level 2 spell: Wereblood
  1248 | D:2      | Reached XP level 3. HP: 19/26 MP: 3/6
  2181 | D:3      | Gained mutation: You are partially covered in molten
                  | scales. (AC +2) [demonic ancestry]
  2181 | D:3      | Reached XP level 4. HP: 20/33 MP: 7/7
  2187 | D:3      | Reached skill level 1 in Armour
  2310 | D:3      | Identified the +4 ring mail of Virtue {rF+ rC+ Int+3}
  2441 | D:3      | Noticed Natasha
  2454 | D:3      | Killed Natasha
  2454 | D:3      | Noticed Natasha
  2455 | D:3      | Reached skill level 2 in Fighting
  2501 | D:3      | Killed Natasha
  2502 | D:3      | Gained mutation: You have sharp fingernails. [demonic
                  | ancestry]
  2502 | D:3      | Reached XP level 5. HP: 27/38 MP: 6/9
  2747 | D:3      | Noticed Sigmund
  2779 | D:3      | Killed Sigmund
  2780 | D:3      | Reached XP level 6. HP: 14/46 MP: 8/10
  2823 | D:3      | Noticed Natasha
  2859 | D:3      | Killed Natasha
  3135 | D:3      | Noticed Jessica
  3152 | D:3      | Killed Jessica
  3581 | D:3      | Learned a level 4 spell: Ice Form
  4328 | D:4      | Noticed Pikel
  4347 | D:4      | Killed Pikel
  4348 | D:4      | Reached skill level 3 in Fighting
  4348 | D:4      | Reached skill level 1 in Ice Magic
  4348 | D:4      | Gained mutation: Spells you cast may paralyse adjacent
                  | enemies. [demonic ancestry]
  4348 | D:4      | Reached XP level 7. HP: 11/52 MP: 10/12
  4470 | D:4      | Gained mutation: You are mostly covered in molten scales.
                  | (AC +3) [demonic ancestry]
  4470 | D:4      | Reached XP level 8. HP: 14/59 MP: 9/13
  5146 | D:4      | Noticed Duvessa
  5146 | D:4      | Noticed Dowan
  5160 | D:4      | Killed Duvessa
  5167 | D:4      | Killed Dowan
  5562 | D:4      | Reached skill level 4 in Fighting
  5996 | D:5      | Entered Level 5 of the Dungeon
  5996 | D:5      | Found Koopik's Antique Weapon Emporium.
  6139 | D:5      | Noticed a troll
  6153 | D:5      | Killed a troll
  6155 | D:5      | Noticed Menkaure
  6188 | D:5      | Killed Menkaure
  6499 | D:5      | Noticed Ijyb
  6511 | D:5      | Killed Ijyb
  6545 | D:5      | Noticed Edmund
  6560 | D:5      | Killed Edmund
  6692 | D:5      | Reached XP level 9. HP: 65/66 MP: 15/15
  6698 | D:5      | Reached skill level 5 in Unarmed Combat
  7115 | D:5      | Learned a level 7 spell: Storm Form
  7370 | D:5      | Gained mutation: You are robust. (+10% HP) [potion of
                  | mutation]
  7417 | D:6      | Found a large runed translucent door.
  7417 | D:6      | Found a large runed translucent door.
  7599 | D:6      | Found a shimmering blue altar of Sif Muna.
  7734 | D:6      | Reached skill level 1 in Air Magic
  7735 | D:6      | Reached skill level 5 in Spellcasting
  8042 | D:6      | Reached skill level 5 in Fighting
  8125 | D:6      | Noticed Grinder
  8139 | D:6      | Killed Grinder
  8140 | D:6      | Reached skill level 5 in Dodging
  8582 | D:6      | Reached skill level 5 in Transmutations
  8717 | D:6      | Found a broken altar of Ashenzari.
  9059 | D:6      | Found a snail-covered altar of Cheibriados.
  9073 | D:6      | Found a radiant altar of Vehumet.
  9216 | D:7      | Noticed Joseph
  9239 | D:7      | Killed Joseph
  9240 | D:7      | Reached XP level 10. HP: 30/81 MP: 14/18
  9610 | D:7      | Found a staircase to the Ecumenical Temple.
 10278 | Temple   | Entered the Ecumenical Temple
 10510 | Temple   | Became a worshipper of Uskayaw the Reveller
 10621 | D:8      | Found a flagged portal.
 10636 | Bailey   | Entered a bailey
 10652 | Bailey   | Reached * piety under Uskayaw
 10657 | Bailey   | Reached ** piety under Uskayaw
 10666 | Bailey   | Reached *** piety under Uskayaw
 11374 | Bailey   | Reached skill level 1 in Invocations
 11606 | Bailey   | Reached skill level 5 in Armour
 12892 | Bailey   | Reached skill level 7 in Fighting
 12892 | Bailey   | Reached skill level 5 in Ice Magic
 12892 | Bailey   | Gained mutation: You have very sharp fingernails. [demonic
                  | ancestry]
 12892 | Bailey   | Reached XP level 11. HP: 92/92 MP: 18/21
 13180 | D:8      | Found a stormy altar of Qazlal.
 13188 | D:8      | Found a burning altar of Makhleb.
 13370 | D:8      | Reached **** piety under Uskayaw
 13596 | D:8      | Noticed Gastronok
 13615 | D:8      | Reached ***** piety under Uskayaw
 13622 | D:8      | Killed Gastronok
 14252 | D:8      | Learned a level 2 spell: Poisonous Vapours
 14325 | D:9      | Found a sacrificial altar of Ru.
 15088 | D:10     | Entered Level 10 of the Dungeon
 15203 | D:10     | Reached skill level 5 in Invocations
 15244 | D:10     | Found an ornate altar of the Wu Jian Council.
 15377 | D:10     | Found a staircase to the Orcish Mines.
 15391 | D:10     | Reached skill level 8 in Fighting
 15391 | D:10     | Reached XP level 12. HP: 31/101 MP: 9/22
 15423 | D:10     | Noticed a two-headed ogre
 15436 | D:10     | Killed a two-headed ogre
 16170 | D:11     | Noticed a death yak
 16170 | D:11     | Noticed a death yak
 16175 | D:11     | Noticed a death yak
 16190 | D:10     | Killed a death yak
 16535 | D:11     | Found a staircase to the Lair.
 16576 | D:11     | Killed a death yak
 16578 | D:11     | HP: 2/103 [death yak (19)]
 16593 | D:11     | Killed a death yak
 17345 | D:11     | Noticed a two-headed ogre
 17353 | D:11     | Killed a two-headed ogre
 17354 | D:11     | Reached skill level 5 in Air Magic
 18265 | D:12     | Noticed a boulder beetle
 18410 | D:11     | Reached skill level 9 in Fighting
 18595 | D:12     | Learned a level 4 spell: Passage of Golubria
 18703 | D:12     | Noticed Fannar
 18735 | D:12     | Killed Fannar
 18738 | D:12     | Found Ukhleic's Demolitions Depot.
 18738 | D:12     | Noticed Kirke
 19083 | D:12     | Killed Kirke
 19119 | D:12     | Noticed a two-headed ogre
 19131 | D:12     | Killed a two-headed ogre
 19485 | D:12     | Noticed a boulder beetle
 19494 | D:12     | Killed a boulder beetle
 19495 | D:12     | Reached XP level 13. HP: 93/111 MP: 17/24
 19501 | D:12     | Learned a level 5 spell: Yara's Violent Unravelling
 19669 | D:12     | Learned a level 2 spell: Passwall
 19935 | D:12     | Identified the +0 ring mail "Fuyrhuox" {Str+4 Dex+2}
 20563 | D:13     | Noticed Urug
 20576 | D:13     | Killed Urug
 20577 | D:13     | Reached skill level 1 in Hexes
 21530 | D:13     | Noticed Frances
 21549 | D:13     | Killed Frances
 21550 | D:13     | Reached skill level 10 in Fighting
 22069 | D:13     | Found a gate to the Vaults.
 22880 | D:14     | Noticed Azrael
 22895 | D:14     | Killed Azrael
 23296 | D:14     | Gained mutation: You are completely covered in molten
                  | scales. (AC +4, rF+) [demonic ancestry]
 23296 | D:14     | Reached XP level 14. HP: 14/122 MP: 20/26
 23804 | D:14     | Found a broken altar of Ashenzari.
 24864 | D:14     | Identified the +2 ring mail "Coaluat" {Harm rCorr}
 25014 | D:14     | HP: 3/122 [white ugly thing (17)]
 25439 | D:15     | Entered Level 15 of the Dungeon
 25455 | D:15     | Reached skill level 11 in Fighting
 25952 | D:15     | Found a staircase to the Depths.
 25983 | D:15     | HP: 2/124 [eight-headed hydra (8)]
 25983 | D:15     | Slain by an eight-headed hydra

Illustrated notes

Levels and vault maps discovered:
D:1:      zaba_arrival_water, layout_basic,
          hellmonk_ecumenical_altar_arch_garden
D:2:      layout_loops_ring
D:3:      layout_loops_ring, kennysheep_cross_bottleneck, uniq_jessica,
          uniq_natasha, uniq_sigmund
D:4:      nicolae_cairo_tiling_large, layout_basic, zin_statuary, uniq_pikel,
          uniq_duvessa
D:5:      layout_gridville, serial_shops, nicolae_shop_waterfront,
          minmay_diced_spiral, uniq_ijyb, uniq_edmund, uniq_menkaure
D:6:      layout_gridville, amcnicky_altar_gilded, mainiacjoe_overflow_alcove_2,
          jmf_multi_god_temple2, st_stairs_9, minmay_splitting_lines,
          uniq_grinder
D:7:      layout_gridville, temple_doors_cd, uniq_joseph
D:8:      layout_basic, mainiacjoe_overflow_big_doors, enter_bailey_2,
          uniq_gastronok
D:9:      layout_loops_ring, nicolae_ru_sacrificial_ziggurat,
          minmay_misc_feat_tower
D:10:     layout_basic, old_standard_altar, erik_orc_4
D:11:     cheibrodos_helix_gallery, layout_grid_maze, dpeg_lair_monsters
D:12:     layout_loops_ring, nicolae_blasting_shop, item_on_display_a,
          uniq_kirke, uniq_fannar
D:13:     layout_stronghold, david_vaults_5, uniq_urug, uniq_frances
D:14:     layout_rooms, ashenzari_conservatory_becter, hangedman_glass_teeth,
          chequers_serial_rivers_small_b, minmay_alternating_orb, uniq_azrael
D:15:     hangedman_depths_entry_try_elsewhere_first, layout_gridville,
          corexii_corridor_pit, minmay_misc_feat_plants
Temple:   nicolae_temple_figure_eight

Skill      XL: |  1  2  3  4  5  6  7  8  9 10 11 12 13 14 |
---------------+-------------------------------------------+-----
Dodging        | 2 3 4 5 6 7 8 |  8.5
Transmutations | 2 3 4 5 6 7 8 |  8.4
Unarmed Combat | 3 4 5 6 7 8 |  8.7
Armour         | 1 2 3 4 5 6 7 8 |  8.2
Fighting       | 2 3 4 5 7 8 9 10 11 | 11.2
Spellcasting   | 3 4 5 6 7 8 |  8.9
Ice Magic      | 1 3 4 5 6 7 |  7.7
Air Magic      | 2 3 4 5 6 |  6.7
Invocations    | 4 5 6 8 9 |  9.0
Hexes          | 3 |  3.9
Stealth        | |  0.4

Action                   |  1- 3 |  4- 6 |  7- 9 | 10-12 | 13-15 || total
-------------------------+-------+-------+-------+-------+-------++-------
Melee: Unarmed           |    80 |   136 |   319 |   542 |   278 ||  1355
       Kick              |    22 |    20 |   100 |   183 |   134 ||   459
       Headbutt          |     9 |    11 |    54 |   110 |    81 ||   265
       Punch             |     1 |     5 |    14 |    33 |    21 ||    74
 Cast: Beastly Appendage |    12 |    11 |    44 |    54 |    37 ||   158
       Wereblood         |     1 |     2 |     7 |    26 |    17 ||    53
       Ice Form          |       |       |     1 |     2 |     1 ||     4
       Poisonous Vapours |       |       |       |    24 |    55 ||    79
       Passwall          |       |       |       |       |     2 ||     2
Invok: Stomp             |       |       |       |    13 |    12 ||    25
       Line Pass         |       |       |       |     3 |       ||     3
 Abil: End Transformatio |       |       |       |     1 |     1 ||     2
Evoke: Wand              |       |       |       |    15 |     8 ||    23
  Use: Potion            |     4 |     6 |     5 |     5 |     1 ||    21
       Scroll            |     2 |       |     7 |     3 |     7 ||    19
 Stab: Paralysed         |       |       |    43 |   104 |    70 ||   217
       Distracted        |       |       |       |       |     2 ||     2
Armor: Robe              |    19 |     2 |       |       |       ||    21
       Ring mail         |       |    43 |   159 |   273 |   195 ||   670
       Skin              |       |     8 |     2 |     4 |       ||    14
Dodge: Dodged            |    63 |    78 |   203 |   398 |   284 ||  1026
       Repelled          |       |       |       |       |     5 ||     5
Block: Other             |       |       |       |   153 |    48 ||   201
       Reflection        |       |       |       |     3 |     6 ||     9
